 Dungeon Crawl Stone Soup version 0.21.1-1-g345015fe64 (webtiles) character file.

476 Bergy the Cudgeler (level 7, -7/60 HPs)
             Began as a Hill Orc Fighter on July 22, 2018.
             Mangled by a hornet (8 damage)
             ... on level 4 of the Dungeon.
             The game lasted 00:14:02 (4241 turns).

Bergy the Cudgeler (Hill Orc Fighter)               Turns: 4241, Time: 00:14:03

Health: -7/60      AC:  8    Str: 21    XL:     7   Next: 10%
Magic:  7/7        EV:  7    Int:  8    God:
Gold:   126        SH:  9    Dex: 10    Spells: 6/6 levels left

rFire    . . .     SeeInvis .   k - +2 short sword (flame)
rCold    . . .     Gourm    .   c - +0 shield
rNeg     . . .     Faith    .   b - +0 scale mail
rPois    .         Spirit   .   s - +0 helmet
rElec    .         Reflect  .   (no cloak)
rCorr    .         Harm     .   (no gloves)
MR       .....                  (no boots)
Stlth    ..........             (no amulet)
HPRegen  0.20/turn              (no ring)
MPRegen  0.10/turn              (no ring)

@: lethally poisoned (-7 -> -16), slowed, very slow
A: no striking features
a: no special abilities


You were on level 4 of the Dungeon.
You were not hungry.

You visited 1 branch of the dungeon, and saw 4 of its levels.

You collected 126 gold pieces.

Inventory:

Hand Weapons
 a - a +0 flail
 k - a +2 short sword of flaming (weapon)
Armour
 b - a +0 scale mail (worn)
 c - a +0 shield (worn)
 s - a +0 helmet (worn)
Jewellery
 o - an uncursed ring of protection from cold
 r - an uncursed ring of flight {unknown}
 w - an uncursed amulet of guardian spirit {unknown}
Scrolls
 e - a scroll of fear {unknown}
 h - 3 scrolls of teleportation {unknown}
 i - 3 scrolls of identify
 m - 3 scrolls of remove curse {unknown}
 p - a scroll of fog {unknown}
 y - a scroll of amnesia {unknown}
Potions
 d - a potion of might
 g - a potion of lignification {unknown}
 j - 2 potions of haste {unknown}
 l - a potion of cancellation {unknown}
 n - a potion of resistance {unknown}
 q - a potion of flight {unknown}
 t - a potion of curing
 u - a potion of degeneration {unknown}
 x - a potion of heal wounds {unknown}
Comestibles
 f - 6 rations
 v - 4 chunks of flesh


   Skills:
 + Level 4.5 Fighting
 * Level 4.6 Short Blades
 - Level 5.5 Maces & Flails
 - Level 3.2 Armour
 - Level 0.3 Dodging
 - Level 0.1 Stealth
 - Level 3.2 Shields


You had 6 spell levels left.
You didn't know any spells.

Dungeon Overview and Level Annotations

Branches:
Dungeon (4/15)
 Temple: D:4-7

Altars:
Ashenzari


Message History

Your shield and scale mail prevent you from hitting the hornet.
The hornet is moderately wounded.
You feel sick.
The hornet stings you but does no damage.
The hornet stings you.
* * * LOW HITPOINT WARNING * * *
You feel as though you will be slow longer.
You hit the hornet but do no damage.
The hornet is moderately wounded.
* * * LOW HITPOINT WARNING * * *
You feel sick. The hornet stings you.
* * * LOW HITPOINT WARNING * * *
You are more poisoned.
You feel as though you will be slow longer.
You block the hornet's attack.
You hit the hornet but do no damage.
The hornet is moderately wounded.
* * * LOW HITPOINT WARNING * * *
You feel sick. The hornet stings you!
You die...

######## #...>..# #
#.####.#
###.####.########
.##.#...).......##
#.#.#.##.######..##
.......#.# #.....##
#.#......#
#...#..##
.#########
#.#.@.#.# .#
#..#y..## .#
#.....## ## ####.##
# #.# . #.# ## #.#
..# ###


You could see a hornet.

Vanquished Creatures
  An ogre (D:4)
  An orc priest (D:3)
  Jessica (D:2)
  Natasha (thrice) (D:3)
  A worker ant (D:4)
  A hound skeleton (D:3)
  Robin (D:2)
  6 adders
  4 gnolls (D:4)
  4 dart slugs
  A worm (D:2)
  2 leopard geckos
  9 orcs
  6 bats
  5 giant cockroaches
  17 goblins
  14 hobgoblins
  6 jackals (D:1)
  A quokka (D:4)
  4 ball pythons
  5 frilled lizards
  7 kobolds
  7 rats
107 creatures vanquished.

Notes
Turn   | Place    | Note
-------+----------+-------------------------------------------
     0 | D:1      | Bergy the Hill Orc Fighter began the quest for the Orb.
     0 | D:1      | Reached XP level 1. HP: 19/19 MP: 1/1
   283 | D:1      | Reached skill level 3 in Maces & Flails
   283 | D:1      | Reached XP level 2. HP: 23/26 MP: 2/2
   583 | D:1      | Reached XP level 3. HP: 29/31 MP: 3/3
   806 | D:1      | Found a shattered altar of Ashenzari.
   950 | D:1      | Reached skill level 4 in Maces & Flails
  1601 | D:2      | Reached XP level 4. HP: 34/39 MP: 4/4
  1990 | D:2      | Noticed Jessica
  2020 | D:2      | Killed Jessica
  2020 | D:2      | Reached skill level 5 in Maces & Flails
  2303 | D:2      | Noticed Robin
  2355 | D:2      | Killed Robin
  2355 | D:2      | Reached XP level 5. HP: 15/45 MP: 5/5
  2567 | D:2      | Found a faded altar of an unknown god.
  2780 | D:3      | Noticed Natasha
  2794 | D:3      | Killed Natasha
  2794 | D:3      | Reached skill level 1 in Short Blades
  2872 | D:3      | Reached XP level 6. HP: 32/52 MP: 6/6
  3120 | D:3      | Noticed Natasha
  3127 | D:3      | Killed Natasha
  3208 | D:3      | Noticed Natasha
  3217 | D:3      | Killed Natasha
  4192 | D:4      | Reached XP level 7. HP: 57/60 MP: 7/7
  4225 | D:4      | Noticed a hornet
  4233 | D:4      | Paralysed by a hornet for 2 turns
  4240 | D:4      | HP: 3/60 [poisoned by a hornet]
  4240 | D:4      | HP: 1/60 [hornet (2)]
  4241 | D:4      | Mangled by a hornet

Skill      XL: |  1  2  3  4  5  6 |
---------------+-------------------+-----
Maces & Flails | 3 4 5 |  5.5
Short Blades   | 2 4 |  4.6
Fighting       | 4 |  4.5
Armour         | |  3.2
Dodging        | |  0.3
Stealth        | |  0.1
Shields        | |  3.2

Action                   |  1- 3 |  4- 6 |  7- 9 || total
-------------------------+-------+-------+-------++-------
Melee: Flail             |   132 |    93 |       ||   225
       Short sword       |       |   157 |    10 ||   167
  Use: Potion            |       |     1 |     1 ||     2
       Scroll            |       |     1 |       ||     1
  Eat: Chunk             |     2 |     9 |       ||    11
Armor: Scale mail        |    85 |   108 |     6 ||   199
Dodge: Dodged            |    57 |    70 |     1 ||   128
Block: Shield            |    84 |   158 |     6 ||   248
